 Dungeon Crawl Stone Soup version 0.27.0-1-g7a089689b8 (webtiles) character file.

Game seed: 5884409864703425424

13 ZARRMARR the Sneak (level 2, -2/15 HPs)
             Began as a Kobold Enchanter on Aug 14, 2021.
             Slain by a jackal (3 damage)
             ... on level 1 of the Dungeon.
             The game lasted 00:02:34 (570 turns).

ZARRMARR the Sneak (Kobold Enchanter)                Turns: 570, Time: 00:02:35

Health: -2/15      AC:  2    Str:  5    XL:     2   Next: 50%
Magic:  3/5        EV: 15    Int: 16    God:
Gold:   8          SH:  0    Dex: 15    Spells: 4/5 levels left

rFire    + . .     SeeInvis .   a - +1 dagger
rCold    + . .     Faith    .   (shield restricted)
rNeg     . . .     Spirit   .   b - +0 robe
rPois    +         Reflect  .   (no helmet)
rElec    +         Harm     .   (no cloak)
rCorr    +         Rampage  .   (no gloves)
Will     .....                  (no boots)
Stlth    ++++......             (no amulet)
HPRegen  0.05/turn              (no ring)
MPRegen  0.09/turn              (no ring)

@: resistant, hasted, very quick
A: small, no large weapons, nightstalker 3
a: no special abilities


You were on level 1 of the Dungeon.
You visited 1 branch of the dungeon, and saw 1 of its levels.

You collected 8 gold pieces.

Inventory:

Hand Weapons
 a - a +1 dagger (weapon)
Armour
 b - a +0 robe (worn)
Scrolls
 e - a scroll of amnesia {unknown}


   Skills:
 + Level 1.7 Short Blades
 + Level 2.5 Dodging
 + Level 4.4 Stealth
 + Level 2.2 Spellcasting
 * Level 0.6 Conjurations
 + Level 3.1 Hexes


You had 4 spell levels left.
You knew the following spells:

 Your Spells              Type           Power      Damage    Failure   Level
a - Corona                Hex            12%        N/A       5%          1

Your spell library contained the following spells:

 Spells                   Type           Power      Damage    Failure   Level
 Ensorcelled Hibernation  Hex/Ice        12%        N/A       16%         2
 Confusing Touch          Hex            11%        N/A       17%         3
 Tukima's Dance           Hex            11%        N/A       17%         3
 Dazzling Flash           Conj/Hex       14%        N/A       28%         3


Dungeon Overview and Level Annotations

Branches:
Dungeon (1/15)

Altars:


Innate Abilities, Weirdness & Mutations

You are small and have problems with some larger weapons.
You are completely attuned to the shadows.


Message History

A jackal comes into view.
The jackal barks!
You hit the goblin but do no damage.
The goblin is severely wounded.
The goblin hits you but does no damage.
You hit the goblin.
You kill the goblin!
A jackal comes into view.
Aiming: Corona (safe; 5% risk of failure)
Press: ? - help, Q - select action Shift-Dir - straight line, f - jackal
Aim: a jackal (chance to affect: 64%)
The jackal is outlined in light.
The jackal barks!
The jackal closely misses you. The jackal completely misses you.
You hit the jackal.
The jackal is moderately wounded.
The jackal completely misses you.
You barely miss the jackal.
The jackal is moderately wounded.
The jackal bites you.
You hit the jackal.
The jackal is heavily wounded.
The jackal closely misses you.
You hit the jackal.
The jackal is severely wounded.
The jackal bites you. x2
* * * LOW HITPOINT WARNING * * *
You hit the jackal but do no damage.
The jackal is severely wounded.
The jackal barely misses you. The jackal bites you.
* * * LOW HITPOINT WARNING * * *
The jackal barely misses you.
The jackal stops glowing.
It was a potion of resistance.
You feel protected. The jackal barely misses you. The jackal bites you.
* * * LOW HITPOINT WARNING * * *
It was a potion of haste.
You feel yourself speed up. The jackal bites you.
You die...

........#........#.#
#######.#.##.###.#.#
#######.#.##.###.#.#
.....##.#.##..†....#
....).......>......#
####.##.#.##.###...#
##....#....# #.###
#..#######.# #.#
##...# #.# #@#
....#.## #.# #h#
###.#..# #.# #h#
....##.#####.# #h#
.............# #.#
###.....###.h###.# #
#.###.# #.h.)..# #
#.# .###..##### #
#.. ......##


You could see 3 jackals.

Vanquished Creatures
  A dart slug (D:1)
  2 endoplasms (D:1)
  A goblin (D:1)
  A hobgoblin (D:1)
  2 ball pythons (D:1)
  2 bats (D:1)
  A frilled lizard (D:1)
  A kobold (D:1)
  A rat (D:1)
12 creatures vanquished.

Notes
Turn   | Place    | Note
-------+----------+-------------------------------------------
     0 | D:1      | ZARRMARR the Kobold Enchanter began the quest for the Orb.
     0 | D:1      | Reached XP level 1. HP: 10/10 MP: 3/3
   318 | D:1      | Found a faded altar of an unknown god.
   358 | D:1      | Reached XP level 2. HP: 15/15 MP: 5/5
   570 | D:1      | Slain by a jackal

Illustrated notes

Levels and vault maps discovered:
D:1:      lemuel_arrival_river_ford, layout_basic,
          ebering_ecumenical_altar_hall, due_unseen_surprise

Action                   || total
-------------------------++-------
Melee: Dagger            ||    39
 Cast: Corona            ||     9
  Use: Potion            ||     2
 Stab: Sleeping          ||     5
Armor: Robe              ||    10
Dodge: Dodged            ||    32
